 Dungeon Crawl Stone Soup version 0.29-a0-334-gb41bcbb86e (webtiles) character file.

Game seed: 12036078722576965356

3440 LobsterGuardian the Frost Mage (level 9, -2/56 HPs)
             Began as a Demonspawn Ice Elementalist on Apr 9, 2022.
             Was a Believer of Hepliaklqana.
             Slain by an orc warrior
             ... wielding a +2 glaive of flaming
              (22 damage)
             ... on level 8 of the Dungeon on Apr 13, 2022.
             The game lasted 00:36:55 (9204 turns).

LobsterGuardian the Frost Mage (DsIE)               Turns: 9204, Time: 00:36:57

Health: -2/56      AC:  4    Str:  9    XL:     9   Next: 77%
Magic:  7/19       EV: 13    Int: 25    God:    Hepliaklqana [**....]
Gold:   348        SH:  5    Dex: 17    Spells: 11/22 levels left

rFire   . . .      SeeInvis .   p - +3 dagger
rCold   . . .      Faith    .   l - +1 buckler
rNeg    . . .      Spirit   .   a - +0 robe
rPois   .          Reflect  .   (helmet restricted)
rElec   .          Harm     .   n - +0 cloak
rCorr   +          Rampage  .   (no gloves)
Will    .....                   h - +0 pair of boots
Stlth   ++........              (no amulet)
HPRegen 0.18/turn               g - +6 ring of intelligence
MPRegen 0.32/turn               x - ring of resist corrosion

@: marked
A: reduced essence, horns 2, demonic guardian 1, magic regeneration, demonic
touch 1, agile 1, subdued magic 1
a: Renounce Religion, Recall Ancestor, Ancestor Identity


You were on level 8 of the Dungeon.
You worshipped Hepliaklqana.
Hepliaklqana was pleased with you.
You visited 2 branches of the dungeon, and saw 9 of its levels.

You collected 348 gold pieces.

Inventory:

Hand Weapons
 p - a +3 dagger (weapon)
Armour
 a - a +0 robe (worn)
 h - a +0 pair of boots (worn)
 l - a +1 buckler (worn)
 n - a +0 cloak (worn)
Jewellery
 g - a +6 ring of intelligence (left hand)
 x - a ring of resist corrosion (right hand)
 D - a +4 ring of protection
Wands
 e - a wand of iceblast (10)
 E - a wand of paralysis (8)
Scrolls
 c - 2 scrolls of enchant weapon
 i - 2 scrolls of amnesia
 j - a scroll of holy word {unknown}
 m - 2 scrolls of noise {unknown}
 t - a scroll of silence {unknown}
 u - a scroll of brand weapon {unknown}
 y - 4 scrolls of teleportation
 z - a scroll of enchant armour
 A - a scroll of fear
 B - a scroll of fog {unknown}
 F - a scroll of identify
Potions
 b - 2 potions of magic
 d - 3 potions of flight
 f - a potion of ambrosia
 k - 3 potions of heal wounds {unknown}
 o - 4 potions of curing
 q - 6 potions of brilliance
 r - 2 potions of degeneration {unknown}
 s - a potion of cancellation
 v - a potion of might
 w - a potion of attraction
 C - a potion of berserk rage


   Skills:
 + Level 3.0 Fighting
 + Level 1.4 Short Blades
 + Level 3.1 Dodging
 + Level 2.6 Stealth
 + Level 1.0 Shields
 + Level 7.1 Spellcasting
 * Level 9.4 Ice Magic
 * Level 5.7 Invocations


You had 11 spell levels left.
You knew the following spells:

 Your Spells              Type           Power      Damage    Failure   Level
a - Freeze                Ice            100%       1d11      1%          1
b - Frozen Ramparts       Ice            86%        1d10      1%          3
c - Ozocubu's Armour      Ice            43%        N/A       1%          3
d - Hailstorm             Conj/Ice       25%        3d7       11%         4

Your spell library contained the following spells:

 Spells                   Type           Power      Damage    Failure   Level
 Magic Dart               Conj           24%        1d4       7%          1
 Pain                     Necr           24%        1d5       7%          1
 Summon Small Mammal      Summ           24%        N/A       7%          1
 Blink                    Tloc           12%        N/A       12%         2
 Call Imp                 Summ           6%         N/A       12%         2
 Call Canine Familiar     Summ           6%         N/A       22%         3
 Lesser Beckoning         Tloc           6%         N/A       22%         3
 Mephitic Cloud           Conj/Pois/Air  6%         N/A       22%         3
 Summon Guardian Golem    Hex/Summ       6%         N/A       22%         3
 Agony                    Necr           6%         N/A       92%         5
 Excruciating Wounds      Necr           3%         N/A       92%         5
 Fireball                 Conj/Fire      3%         3d4       92%         5
 Manifold Assault         Tloc           6%         N/A       92%         5
 Starburst                Conj/Fire      3%         6d3       100%        6
 Ignition                 Fire           3%         3d4       100%        8


Dungeon Overview and Level Annotations

Branches:
Dungeon (8/15)             Temple (1/1) D:4
   Lair: D:8-11

Altars:
Cheibriados
Dithmenos
Elyvilon
Fedhas
Gozag
Hepliaklqana
Kikubaaqudgha
Makhleb
Nemelex Xobeh
Okawaru
Qazlal
Ru
Sif Muna
Trog
Uskayaw
Vehumet
Xom
Yredelemnul
Zin
The Shining One

Shops:
D:4 ?   D:5 =   D:8 :

Annotations:
D:4 3 runed translucent doors, Patoropollo's ghost, weakling MiFi
D:8 3 runed translucent doors, GigaChad's ghost, novice MiCK


Innate Abilities, Weirdness & Mutations

Your life essence is reduced to manifest your ancestor. (-10% HP)
You have a pair of horns on your head.
A weak demonic guardian rushes to your aid.
You regenerate magic rapidly.
Your touch may inflict minor irresistible damage on your foes.
You are agile. (Dex +2)
Your spells are a little easier to cast, but a little less powerful.


Message History

Attack!
The frozen ramparts melt away.
Your white imp gestures at the kobold brigand.
The puff of frost hits the kobold brigand!
A kobold comes into view. It is wielding a +0 dagger.
An orc wizard comes into view. It is wielding a +0 dagger.
The orc wizard casts a spell at you.
You easily resist.
A black bear comes into view.
The kobold brigand throws a poisoned dart.
The poisoned dart hits your white imp!
Unknown command.
As you read the scroll of teleportation, it crumbles to dust.
You feel strangely unstable.
Your white imp disappears in a puff of smoke!
Level annotation: 3 runed translucent doors, GigaChad's ghost, novice MiCK Welcome back, LobsterGuardian the Demonspawn Ice Elementalist.
Hepliaklqana says: Your past becomes your present!
Press ? for a list of commands and other information.
Cast which spell? (? or * to list)
Casting: Frozen Ramparts (safe; 1% risk of failure)
Press: ? - help, Dir - look around, f - activate The walls around you are covered in ice.
The wall freezes the orc wizard!
Unknown command.
Casting: Frozen Ramparts (safe; 1% risk of failure)
Confirm with . or Enter, or press ? or * to list all spells.
Aiming: Freeze (safe; 1% risk of failure)
Press: ? - help, Shift-Dir - straight line, f - orc wizard
Aim: an orc wizard, wielding a +0 dagger and wearing a +0 robe (severely wounded)
You freeze the orc wizard!
You kill the orc wizard!
The wall freezes the kobold brigand!
Your surroundings suddenly seem different.
Your icy armour cracks and falls away as you move.
The frozen ramparts melt away as you move.
An orc warrior, an orc and an orc priest come into view.
The orc warrior is wielding a +2 glaive of flaming.
Found 10 gold pieces.
The orc warrior hits you from afar with a +2 glaive of flaming!!
You die...

##############
(..KK..)..h...
#####†###.####
#####[###.###
.............
#####.###Y.##
#####[# .# ..)...#
##### #######
#..@# ....##
#....o$8#
.....#####.8.#o..#
.....##..### ##.##
.....##.## o.
.....##.# ..8
.....<#.# #..
......#.### ###
###+#†#.#.#


You could see an orc warrior, an orc priest and an orc.

Vanquished Creatures
  Pikel (D:5)
  6 yaks (D:8)
  Menkaure (D:7)
  A water moccasin (D:7)
  An ice beast (D:4)
  A centaur (D:7)
  A phantom (D:4)
  2 lemures (D:5)
  Blork the orc (D:5)
  A scorpion (D:5)
  2 necrophages
  A wight (D:8)
  A howler monkey (D:5)
  4 hounds
  2 jellies
  Crazy Yiuf (D:2)
  4 iguanas
  Ijyb (D:3)
  Terence (D:2)
  5 orc wizards
  6 adders
  A shadow imp (D:5)
  3 white imps (D:6)
  An ufetubus (D:5)
  A worm (D:2)
  2 dart slugs
  17 orcs
  3 ball pythons
  3 bats
  6 endoplasms
  2 giant cockroaches (D:1)
  12 goblins
  10 hobgoblins
  3 jackals (D:2)
  4 kobolds
  2 quokkas
  2 frilled lizards (D:2)
  4 rats
120 creatures vanquished.

Vanquished Creatures (collateral kills)
  A yak (D:8)
  A black bear (D:5)
  An orc warrior (D:8)
  An ogre (D:7)
  A lemure (D:5)
  A necrophage (D:6)
  2 wights (D:8)
  A howler monkey (D:7)
  A jelly (D:6)
  A white imp (D:5)
  An ufetubus (D:5)
  2 orcs
  A kobold (D:8)
15 creatures vanquished.

Vanquished Creatures (others)
  2 knights (D:8)
  An ancestor (D:5)
3 creatures vanquished.

Grand Total: 138 creatures vanquished

Notes
Turn   | Place    | Note
-------+----------+-------------------------------------------
     0 | D:1      | LobsterGuardian the Demonspawn Ice Elementalist began the
                  | quest for the Orb.
     0 | D:1      | Reached XP level 1. HP: 13/13 MP: 3/3
    51 | D:1      | Found a faded altar of an unknown god.
    74 | D:1      | You fall into a shaft and drop 1 floor!
   619 | D:2      | Reached skill level 4 in Ice Magic
   619 | D:2      | Discovered your monstrous ancestry.
   619 | D:2      | Gained mutation: You have a pair of small horns on your
                  | head. [demonic ancestry]
   619 | D:2      | Reached XP level 2. HP: 11/19 MP: 1/5
  1669 | D:2      | Noticed Terence
  1702 | D:2      | Killed Terence
  1703 | D:2      | Reached XP level 3. HP: 10/25 MP: 0/6
  1884 | D:2      | Learned a level 3 spell: Frozen Ramparts
  1902 | D:2      | Gained mutation: A weak demonic guardian rushes to your
                  | aid. [demonic ancestry]
  1902 | D:2      | Reached XP level 4. HP: 31/31 MP: 0/8
  2159 | D:2      | Found a runed translucent door.
  2160 | D:2      | Noticed Crazy Yiuf
  2228 | D:2      | Killed Crazy Yiuf
  2229 | D:2      | Reached skill level 1 in Fighting
  2347 | D:3      | Learned a level 3 spell: Ozocubu's Armour
  2970 | D:3      | Found an iron altar of Okawaru.
  3064 | D:3      | Gained mutation: Your touch may inflict minor irresistible
                  | damage on your foes. [demonic ancestry]
  3064 | D:3      | Reached XP level 5. HP: 38/38 MP: 6/9
  3243 | D:3      | Noticed Ijyb
  3422 | D:3      | Killed Ijyb
  3580 | D:3      | Found a faded altar of an unknown god.
  3621 | D:3      | Found a hazy altar of Hepliaklqana.
  3712 | D:3      | Became a worshipper of Hepliaklqana the Forgotten
  4005 | D:4      | Noticed a phantom
  4008 | D:4      | Found Reguocuj's Magic Scroll Shoppe.
  4029 | D:4      | Killed a phantom
  4030 | D:4      | Reached skill level 5 in Ice Magic
  4030 | D:4      | Gained mutation: You have a pair of horns on your head.
                  | [demonic ancestry]
  4030 | D:4      | Reached XP level 6. HP: 27/46 MP: 1/11
  4105 | D:4      | Found a staircase to the Ecumenical Temple.
  4375 | D:4      | Reached skill level 1 in Invocations
  4395 | Temple   | Entered the Ecumenical Temple
  4668 | D:4      | Noticed an ice beast
  4684 | D:4      | Killed an ice beast
  4722 | D:4      | Upgraded the game from 0.29-a0-322-g68df515428 to
                  | 0.29-a0-323-g050149af67
  4891 | D:4      | Found a runed translucent gate.
  4891 | D:4      | Found a runed translucent gate.
  4891 | D:4      | Found a runed translucent gate.
  4892 | D:4      | Noticed Patoropollo's ghost (weakling MiFi)
  4911 | D:4      | Reached * piety under Hepliaklqana
  5070 | D:4      | Gained mutation: Your spells are a little easier to cast,
                  | but a little less powerful. [potion of mutation]
  5070 | D:4      | Gained mutation: You are agile. (Dex +2) [potion of
                  | mutation]
  5102 | D:5      | Entered Level 5 of the Dungeon
  5102 | D:5      | Noticed Blork the orc
  5107 | D:5      | Reached skill level 6 in Ice Magic
  5107 | D:5      | Reached XP level 7. HP: 45/45 MP: 3/12
  5108 | D:5      | Killed Blork the orc
  5298 | D:5      | Noticed Pikel
  5314 | D:5      | Killed Pikel
  5315 | D:5      | Reached skill level 7 in Ice Magic
  5315 | D:5      | Gained mutation: You regenerate magic rapidly. [demonic
                  | ancestry]
  5315 | D:5      | Reached XP level 8. HP: 37/51 MP: 0/15
  5376 | D:5      | Reached skill level 5 in Spellcasting
  5382 | D:5      | Learned a level 4 spell: Hailstorm
  5459 | D:5      | Found Fyosufir's One-of-a-Kind Rings.
  6189 | D:6      | Reached skill level 8 in Ice Magic
  6341 | D:6      | Found a sparkling altar of Nemelex Xobeh.
  6884 | D:6      | Reached ** piety under Hepliaklqana
  6885 | D:6      | Remembered your ancestor Anedjib as a knight
  7349 | D:6      | Found a stormy altar of Qazlal.
  7603 | D:7      | Found an opulent altar of Gozag.
  8155 | D:7      | Reached XP level 9. HP: 55/55 MP: 13/17
  8167 | D:7      | Noticed Menkaure
  8174 | D:7      | Killed Menkaure
  8884 | D:8      | Found a bloodstained altar of Trog.
  8931 | D:8      | Noticed GigaChad's ghost (novice MiCK)
  8958 | D:8      | Found a runed translucent gate.
  8958 | D:8      | Found a runed translucent gate.
  8958 | D:8      | Found a runed translucent gate.
  9034 | D:8      | Upgraded the game from 0.29-a0-323-g050149af67 to
                  | 0.29-a0-330-g52719c12eb
  9042 | D:8      | Reached skill level 5 in Invocations
  9051 | D:8      | Reached skill level 1 in Short Blades
  9137 | D:8      | Reached skill level 9 in Ice Magic
  9170 | D:8      | Found Rofeprofy's Book Boutique.
  9189 | D:8      | Reached skill level 1 in Shields
  9202 | D:8      | Upgraded the game from 0.29-a0-330-g52719c12eb to
                  | 0.29-a0-334-gb41bcbb86e
  9204 | D:8      | Slain by an orc warrior

Illustrated notes

Levels and vault maps discovered:
D:1:      lemuel_arrival_behind_the_door_small, layout_basic,
          ebering_ecumenical_altar_rust
D:2:      cheibrodos_greedy_goblins, layout_rooms, grunt_ministairs_5,
          uniq_crazy_yiuf_cottage, uniq_terence
D:3:      layout_loops_corners, okawaru_trees_1,
          beargit_hepliaklqana_dungeon_heroes, corexii_shack, uniq_ijyb
D:4:      layout_rooms, minmay_temple_entry_ruins, ebering_ghost_rock_garden,
          serial_shops, shop
D:5:      layout_gridville, nicolae_shop_unique_rings, minmay_holes,
          grunt_ministairs_14, nicolae_fountain_basement, uniq_pikel,
          uniq_blork_the_orc
D:6:      layout_basic, nemelex_spade_bored_becter, mainiacjoe_overflow_alcove_4
D:7:      layout_layer_cave, mainiacjoe_overflow_catwalk,
          kennysheep_generic_room_13, uniq_menkaure
D:8:      layout_basic, nicolae_wu_jian_immortal_techniques, kennysheep_mini,
          gammafunk_ghost_icy, serial_shops, shop
Temple:   nicolae_temple_great_sept

Skill      XL: |  1  2  3  4  5  6  7  8  9 |
---------------+----------------------------+-----
Ice Magic      | 4 5 6 7 8 9 |  9.4
Fighting       | 1 2 3 |  3.0
Spellcasting   | 3 4 5 7 |  7.1
Stealth        | 2 |  2.6
Dodging        | 2 3 |  3.1
Invocations    | 1 3 4 5 |  5.7
Short Blades   | 1 |  1.4
Shields        | 1 |  1.0

Action                   |  1- 3 |  4- 6 |  7- 9 || total
-------------------------+-------+-------+-------++-------
Melee: Unarmed           |    18 |       |       ||    18
       Dagger            |     9 |    48 |    53 ||   110
       Headbutt          |     1 |     9 |    17 ||    27
 Cast: Freeze            |    37 |    52 |    62 ||   151
       Frozen Ramparts   |     1 |    11 |    14 ||    26
       Ozocubu's Armour  |       |     3 |     5 ||     8
       Hailstorm         |       |       |     3 ||     3
Invok: Recall Ancestor   |       |       |     1 ||     1
       Ancestor Life: Kn |       |       |     1 ||     1
  Use: Potion            |     2 |     1 |       ||     3
       Scroll            |     3 |     7 |     6 ||    16
 Stab: Sleeping          |     1 |     3 |     3 ||     7
Armor: Robe              |    14 |    23 |    19 ||    56
Dodge: Dodged            |    30 |    51 |    43 ||   124
Block: Buckler           |     3 |     8 |    23 ||    34

Table legend: (Time is in decaauts)
 A = Elapsed time spent in this place.
 B = Non-inter-level travel time spent in this place.
 C = Inter-level travel time spent in this place.
 D = Time resting spent in this place.
 E = Time spent auto-exploring this place.
 F = Levels seen in this place.
 G = Mean time per level.
                   A        B        C        D        E       F      G
               +--------+--------+--------+--------+--------+-----+--------+
         Total |   9189 |   8818 |    371 |     61 |   7657 |   9 | 1021.0 |
       Dungeon |   8999 |   8641 |    358 |     61 |   7491 |   8 | 1124.9 |
        Temple |    189 |    176 |     13 |      0 |    166 |   1 |  189.0 |
               +--------+--------+--------+--------+--------+-----+--------+

Top non-repeatable levels by time:
     D:3: 1615 daAuts
     D:2: 1552 daAuts
     D:7: 1443 daAuts
     D:6: 1328 daAuts
     D:5: 972 daAuts
     D:4: 957 daAuts
     D:1: 771 daAuts
     D:8: 356 daAuts
  Temple: 189 daAuts
